[Event "Titled Tuesday Blitz May 23 Late 2023"]
[White "Tejedor Fuente, Enrique"]
[Black "Dardha, Daniel"]
[WhiteFideId "2299100"]
[BlackFideId "240990"]
[WhiteElo "2496"]
[BlackElo "2581"]
[Result "0-1"]
[Round "07"]
[TimeControl "180+2"]
[Date "2023.05.23"]
[WhiteClock "0:00:02"]
[BlackClock "0:00:13"]

1. d4 g5 2. Bxg5 Bg7 3. c3 c5 4. Nf3 Qb6 5. Bc1 d5 6. e3 Nc6 7. Bd3 Nf6 8. O-O Rg8 9. Kh1 Bg4 10. Be2 Qc7 11. Nbd2 O-O-O 12. dxc5 e5 13. b4 Ne4 14. Nd4 Bxe2 15. Nxe2 f5 16. Nf3 Bf6 17. Ng3 Qg7 18. Qc2 h5 19. Rg1 Qg4 20. h3 Qg6 21. b5 Na5 22. Nxe4 fxe4 23. Ne1 Qf5 24. Qa4 b6 25. cxb6 axb6 26. Qc2 Bh4 27. f4 Rg3 28. a4 Rdg8 29. Ra2 Nc4 30. Nf3 Rxf3 31. gxf3 Qxh3+ 32. Qh2 Qxf3+ 33. Rag2 Rg3 34. Qxh4 Rh3+ 35. Qxh3+ Qxh3+ 36. Rh2 Qf3+ 37. Rhg2 exf4 38. exf4 Nd6 39. a5 bxa5 40. b6 Nf5 41. Kh2 e3 42. Rg5 Qxf4+ 43. Kh3 Qh4+ 44. Kg2 Qxg5+ 45. Kf1 e2+ 46. Kf2 Qxg1+ 47. Kxe2 Qxc1 0-1


[Site "https://www.chess.com"]

[Event "Titled Tuesday Blitz May 23 Late 2023"]
[White "Sanal, Vahap"]
[Black "Prohaszka, Peter"]
[WhiteFideId "6300545"]
[BlackFideId "726265"]
[WhiteElo "2606"]
[BlackElo "2626"]
[Result "0-1"]
[Round "07"]
[TimeControl "180+2"]
[Date "2023.05.23"]
[WhiteClock "0:00:04"]
[BlackClock "0:00:05"]

1. Nf3 d5 2. b3 Bf5 3. Bb2 e6 4. g3 h6 5. Bg2 Nf6 6. O-O c6 7. d3 Bd6 8. Nbd2 O-O 9. Re1 Bh7 10. e4 Nfd7 11. Qe2 a5 12. a3 Na6 13. Rad1 Qe7 14. Nb1 Rfd8 15. h4 Nac5 16. e5 Bc7 17. d4 Ne4 18. Nh2 c5 19. c3 b5 20. Nf1 b4 21. axb4 axb4 22. cxb4 cxd4 23. f3 Nxg3 24. Nxg3 Bxe5 25. Qf2 Qxh4 26. Nf1 Qxf2+ 27. Kxf2 Ra2 28. Rd2 Bf4 29. Bxd4 Bxb1 30. Rxa2 Bxa2 31. b5 Rb8 32. Ra1 Bxb3 33. Ra7 Nb6 34. Ng3 Bc4 35. Nh5 e5 36. Bc5 Bxb5 37. Nxf4 exf4 38. Bd6 Ra8 39. Rb7 Ra2+ 40. Kg1 Nc4 41. Bxf4 Bc6 42. Rc7 Ra6 43. Bh3 g6 44. Bxh6 d4 45. Bf1 Bb5 46. Bxc4 Bxc4 47. Rxc4 Rd6 48. Bf4 Rd5 49. Kf1 g5 50. Bd2 Kg7 51. Ke2 Kg6 52. Kd3 Kf5 53. Ra4 g4 54. fxg4+ Kxg4 55. Ke4 Rd7 56. Ra8 f5+ 57. Kd3 Rf7 58. Rg8+ Kf3 59. Bb4 f4 60. Bc5 Rb7 61. Bxd4 Rb3+ 62. Kc4 Ra3 63. Rh8 Ra4+ 64. Kd3 Ra3+ 65. Bc3 Kg3 66. Rg8+ Kf3 67. Rg7 Rb3 68. Rc7 Ra3 69. Rb7 Kg3 70. Rb8 Kf3 71. Rc8 Rb3 72. Kd2 Ra3 73. Rh8 Ra2+ 74. Kd3 Ra3 75. Rh3+ Kg2 76. Rh7 f3 77. Rg7+ Kf1 78. Kd2 f2 79. Bd4 Ra2+ 80. Kd3 Ra3+ 81. Kd2 Ra2+ 82. Kd1 Ra3 83. Bc5 Ra5 84. Bb6 Ra1+ 85. Kd2 Ra2+ 86. Kd3 Ra3+ 87. Kc2 Ra2+ 88. Kb3 Re2 89. Kc4 Rb2 90. Ba7 Ke2 91. Re7+ Kf3 92. Rf7+ Kg2 93. Rg7+ Kf3 94. Bd4 f1=Q+ 95. Kc3 Qc1+ 96. Kd3 Rd2# 0-1


[Site "https://www.chess.com"]

[Event "Titled Tuesday Blitz May 23 Late 2023"]
[White "Licznerski, Lukasz"]
[Black "Vlassov, Nikolai"]
[WhiteFideId "1179250"]
[BlackFideId "4103360"]
[WhiteElo "2453"]
[BlackElo "2324"]
[Result "0-1"]
[Round "07"]
[TimeControl "180+2"]
[Date "2023.05.23"]
[WhiteClock "0:00:02"]
[BlackClock "0:00:11"]

1. e4 Nc6 2. Nf3 d5 3. exd5 Qxd5 4. Nc3 Qa5 5. d4 Bg4 6. Bb5 O-O-O 7. Bxc6 bxc6 8. h3 Qh5 9. Be3 e6 10. Qe2 Bxf3 11. gxf3 Bb4 12. Qa6+ Kd7 13. O-O-O Bxc3 14. bxc3 Ne7 15. Rhg1 Qxf3 16. Rxg7 Ng6 17. d5 exd5 18. c4 Rb8 19. cxd5 Rb1+ 20. Kxb1 Qxd1+ 21. Kb2 Rb8+ 22. Ka3 Qxd5 23. Qd3 Ne5 24. Qxd5+ cxd5 25. Ka4 Rb2 26. c3 Ke6 27. a3 a6 28. Rxh7 Nd7 29. Rh6+ f6 30. Rh7 c5 31. h4 Rb5 32. Rxd7 Kxd7 33. h5 Ke6 34. h6 Kf7 35. Bf4 Kg6 36. Be3 Kh7 37. Bf4 d4 38. cxd4 cxd4 39. Bd2 d3 40. Be3 Rb2 41. Ka5 d2 42. Bxd2 Rxd2 43. f4 Rd4 0-1


[Site "https://www.chess.com"]

[Event "Titled Tuesday Blitz May 23 Late 2023"]
[White "Amburgy, Ryan"]
[Black "Mahdavi, Reza"]
[WhiteFideId "30924820"]
[BlackFideId "12595926"]
[WhiteElo "2134"]
[BlackElo "2352"]
[Result "0-1"]
[Round "07"]
[TimeControl "180+2"]
[Date "2023.05.23"]
[WhiteClock "0:00:18"]
[BlackClock "0:00:43"]

1. d4 Nf6 2. c4 e6 3. Nf3 d5 4. Nc3 Bb4 5. Qa4+ Nc6 6. a3 Bxc3+ 7. bxc3 Bd7 8. cxd5 exd5 9. Bg5 h6 10. Bh4 O-O 11. e3 g5 12. Bg3 Ne4 13. Qc2 f5 14. Bd3 f4 15. exf4 gxf4 16. Bh4 Qe8 17. O-O Bf5 18. c4 Bg4 19. Kh1 Bxf3 20. gxf3 Nxd4 21. Qb2 Nxf3 22. Rg1+ Neg5 23. Bxg5 Nxg5 24. cxd5 Qd7 25. Qe5 Rae8 26. Rxg5+ hxg5 27. Qxg5+ Qg7 28. Rg1 Qxg5 29. Rxg5+ Kf7 30. Rg4 Re1+ 31. Kg2 Rg8 32. Rxg8 Kxg8 33. Kf3 Ra1 34. Kxf4 Rxa3 35. Be4 Rc3 36. f3 a5 37. Ke5 a4 38. d6 cxd6+ 39. Kxd6 b5 40. Kd5 a3 41. Kd4 b4 42. h4 Kg7 43. f4 a2 44. Bd5 a1=Q 0-1


[Site "https://www.chess.com"]

[Event "Titled Tuesday Blitz May 23 Late 2023"]
[White "Rosen, Eric"]
[Black "Hambleton, Aman"]
[WhiteFideId "2032562"]
[BlackFideId "2606577"]
[WhiteElo "2331"]
[BlackElo "2511"]
[Result "1-0"]
[Round "07"]
[TimeControl "180+2"]
[Date "2023.05.23"]
[WhiteClock "0:00:47"]
[BlackClock "0:00:00"]

1. d4 e5 2. dxe5 Nc6 3. Nf3 Qe7 4. Bf4 Qb4+ 5. Bd2 Qxb2 6. Nc3 Bb4 7. Rb1 Qxc3 8. Bxc3 Bxc3+ 9. Nd2 Nxe5 10. Rb3 Ba5 11. Qa1 f6 12. Re3 Bb6 13. Rxe5+ fxe5 14. Qxe5+ Ne7 15. Qxg7 Rg8 16. Qxh7 d5 17. Qh5+ Rg6 18. e3 Bg4 19. Qh4 Ba5 20. Bd3 Rg8 21. h3 Bd7 22. Qh5+ Kd8 23. Ke2 Rxg2 24. Nf3 Be8 25. Qh4 Bc3 26. Rb1 b6 27. Nd4 Bxd4 28. Qxd4 1-0


[Site "https://www.chess.com"]

[Event "Titled Tuesday Blitz May 23 Late 2023"]
[White "Fernandez Guillen, Ernesto J."]
[Black "Javakhadze, Zurab"]
[WhiteFideId "3512428"]
[BlackFideId "13603647"]
[WhiteElo "2429"]
[BlackElo "2381"]
[Result "0-1"]
[Round "07"]
[TimeControl "180+2"]
[Date "2023.05.23"]
[WhiteClock "0:00:06"]
[BlackClock "0:00:10"]

1. e4 e5 2. Nf3 Nc6 3. d4 exd4 4. Bc4 Nf6 5. O-O Nxe4 6. Re1 d5 7. Bxd5 Qxd5 8. Nc3 Qa5 9. Nxe4 Be6 10. Bd2 Qd5 11. Bg5 Bd6 12. c4 Qf5 13. Nh4 Qa5 14. a3 Be7 15. b4 Qb6 16. Bxe7 Nxe7 17. Nc5 O-O-O 18. Nxe6 fxe6 19. Qg4 Nf5 20. Nxf5 exf5 21. Qxf5+ Kb8 22. Re6 c6 23. Re7 d3 24. Qe5+ Ka8 25. Rd1 Rhf8 26. c5 Qa6 27. h4 Qxa3 28. Qxg7 Qxb4 29. Rd7 Qxc5 30. Rxd8+ Rxd8 31. Rxd3 Qc1+ 32. Kh2 Qf4+ 33. Qg3 Qxg3+ 34. Rxg3 b5 35. f4 b4 36. f5 c5 37. f6 Rf8 38. Rf3 c4 39. Rf4 a5 40. g4 c3 41. g5 c2 42. Rc4 b3 43. h5 b2 44. g6 hxg6 45. hxg6 c1=Q 46. g7 Rb8 47. f7 Qxc4 48. f8=Q b1=Q 0-1


[Site "https://www.chess.com"]

[Event "Titled Tuesday Blitz May 23 Late 2023"]
[White "Bryakin, Mikhail"]
[Black "Schnaider, Ilan"]
[WhiteFideId "4165314"]
[BlackFideId "169013"]
[WhiteElo "2467"]
[BlackElo "2224"]
[Result "0-1"]
[Round "07"]
[TimeControl "180+2"]
[Date "2023.05.23"]
[WhiteClock "0:00:03"]
[BlackClock "0:00:04"]

1. e4 c6 2. d3 d5 3. Nf3 dxe4 4. dxe4 Qxd1+ 5. Kxd1 Bg4 6. Be2 Nd7 7. h3 Bxf3 8. Bxf3 O-O-O 9. Nd2 Ngf6 10. Be2 e5 11. f3 Bc5 12. c3 Nh5 13. Nf1 Nf8+ 14. Kc2 Ne6 15. g3 Bf2 16. g4 Nhf4 17. Bc4 Rd7 18. a4 Rhd8 19. Ne3 Ng5 20. h4 Nxf3 21. Rf1 Ne1+ 22. Kb3 Ned3 23. Nf5 Nc5+ 24. Ka2 Nxe4 25. Nxg7 Nd3 26. Bh6 Ndc5 27. a5 Bxh4 28. Bxf7 Bg5 29. Bxg5 Nxg5 30. Bc4 Rd2 31. Nf5 Nge4 32. Rac1 Na4 33. Kb3 Nac5+ 34. Ka2 Na4 35. Ka3 Nxb2 36. Be6+ Kc7 37. Ne3 Nd3 38. Rf7+ Kd6 39. Rh1 Kxe6 40. Rhxh7 Kd6 41. Nc4+ Kc5 42. Nxd2 Nxd2 43. Rxb7 Nc4+ 44. Ka4 Ndb2+ 45. Kb3 Rd2 46. a6 Nd3 47. Ka4 Ra2+ 48. Kb3 Nc1# 0-1


[Site "https://www.chess.com"]

[Event "Titled Tuesday Blitz May 23 Late 2023"]
[White "Panesar Vedant"]
[Black "Mirimanian, Hayk"]
[WhiteFideId "35033018"]
[BlackFideId "4700180"]
[WhiteElo "2347"]
[BlackElo "2280"]
[Result "0-1"]
[Round "07"]
[TimeControl "180+2"]
[Date "2023.05.23"]
[WhiteClock "0:00:29"]
[BlackClock "0:00:30"]

1. e4 c5 2. Nf3 d6 3. d4 cxd4 4. Nxd4 Nf6 5. Nc3 a6 6. f3 e5 7. Nb3 Be6 8. Be3 Be7 9. Qd2 O-O 10. O-O-O Nbd7 11. g4 b5 12. Rg1 Nb6 13. Qf2 Nfd7 14. Kb1 b4 15. Nd5 Bxd5 16. exd5 a5 17. Bb5 a4 18. Nc1 Ra5 19. Bc6 Nc4 20. Nd3 a3 21. b3 Bh4 22. Qe2 Nxe3 23. Qxe3 Nc5 24. Nxb4 Bg5 25. Qf2 Qf6 26. Rgf1 e4 27. Qd4 Qxd4 28. Rxd4 f5 29. c4 Ra7 30. fxe4 fxe4 31. Rxf8+ Kxf8 32. Rd1 Rf7 33. Nc2 Rf2 34. Nb4 Rb2+ 35. Ka1 Bf6 36. Rf1 e3 37. g5 Rf2+ 0-1


[Site "https://www.chess.com"]

[Event "Titled Tuesday Blitz May 23 Late 2023"]
[White "Pakleza, Zbigniew"]
[Black "Chor, Kevin"]
[WhiteFideId "1119290"]
[BlackFideId "2090740"]
[WhiteElo "2410"]
[BlackElo "2636"]
[Result "0-1"]
[Round "07"]
[TimeControl "180+2"]
[Date "2023.05.23"]
[WhiteClock "0:00:00"]
[BlackClock "0:00:21"]

1. d4 Nf6 2. Nf3 g6 3. Bf4 Bg7 4. e3 d6 5. h3 O-O 6. Be2 Nbd7 7. O-O b6 8. c3 Bb7 9. Bh2 Ne4 10. a4 e5 11. a5 bxa5 12. Qa4 c5 13. dxe5 Nxe5 14. Qxa5 Qb6 15. Qa2 Nxf3+ 16. Bxf3 d5 17. Rd1 Rfd8 18. Nd2 Ng5 19. Qa5 Qc6 20. Bf4 Ne6 21. Bg3 Ng5 22. Qc7 Nxf3+ 23. Nxf3 Qb5 24. c4 Qb6 25. cxd5 Rxd5 26. Rxd5 Bxd5 27. Qxb6 axb6 28. Rxa8+ Bxa8 29. Bc7 b5 0-1


[Site "https://www.chess.com"]

[Event "Titled Tuesday Blitz May 23 Late 2023"]
[White "HamedWafa4"]
[Black "Sieciechowicz, Marcin"]
[BlackFideId "1130170"]
[WhiteElo "2635"]
[BlackElo "2302"]
[Result "1/2-1/2"]
[Round "07"]
[TimeControl "180+2"]
[Date "2023.05.23"]
[WhiteClock "0:00:23"]
[BlackClock "0:00:10"]

1. e4 e6 2. d4 d5 3. e5 c5 4. c3 Qb6 5. Nf3 Nc6 6. Be2 cxd4 7. cxd4 Nh6 8. Bxh6 Qxb2 9. O-O gxh6 10. Nbd2 Nxd4 11. Rb1 Nxe2+ 12. Qxe2 Qxa2 13. Qb5+ Bd7 14. Qxb7 Rc8 15. Rfc1 Rxc1+ 16. Rxc1 Be7 17. h4 Qa4 18. Qb8+ Bd8 19. Qd6 Qa5 20. Rb1 Qc7 21. Rb8 Qxd6 22. exd6 Rg8 23. Nb3 Rg4 24. Nc5 Rc4 25. Nxd7 Rc1+ 26. Kh2 Kxd7 27. Ne5+ Kxd6 28. Nxf7+ Ke7 29. Nxd8 a5 30. Nb7 Rb1 31. Rh8 a4 32. Rxh7+ Kf6 33. Nc5 a3 34. Ra7 Rc1 35. Nd3 Rc3 36. Nf4 Kf5 37. g3 d4 38. Kg2 e5 39. Ra5 a2 40. Nd5 Rc5 41. Ne7+ Ke6 42. Rxa2 Kxe7 43. Ra6 d3 44. Kf3 Rd5 45. Ra1 Ke6 46. Ke3 Kf5 47. f3 Rd4 48. g4+ Kf6 49. Rd1 h5 50. gxh5 Rxh4 51. Rxd3 Rxh5 52. Rd6+ Kf5 53. Rd8 Rh3 54. Rf8+ Ke6 55. Ke4 Rh4+ 56. Ke3 Ra4 57. Rd8 Ra3+ 58. Ke4 Ra4+ 59. Ke3 Ra3+ 60. Kf2 Ra4 61. Re8+ Kf5 62. Rf8+ Ke6 63. Kg3 Rb4 64. Re8+ Kf6 65. Ra8 Ke6 66. Ra6+ Kf5 67. Ra3 Rc4 68. Rb3 Rd4 69. Rb8 Rc4 70. Rf8+ Ke6 71. Re8+ Kf5 72. Rf8+ Ke6 73. Re8+ Kf5 74. Rf8+ 1/2-1/2


[Site "https://www.chess.com"]

[Event "Titled Tuesday Blitz May 23 Late 2023"]
[White "Makridis, Dimitrios"]
[Black "NikaVolkov"]
[WhiteFideId "25864475"]
[WhiteElo "2277"]
[BlackElo "2633"]
[Result "1-0"]
[Round "07"]
[TimeControl "180+2"]
[Date "2023.05.23"]
[WhiteClock "0:00:10"]
[BlackClock "0:00:31"]

1. e4 c5 2. Nc3 e6 3. g3 d5 4. Bg2 Nf6 5. d3 Nc6 6. f4 Be7 7. e5 Nd7 8. Nf3 a6 9. O-O b5 10. Ne2 f5 11. d4 O-O 12. dxc5 Nxc5 13. Ned4 Nxd4 14. Nxd4 Ne4 15. Be3 Qd7 16. c3 h6 17. Kh1 Kh7 18. g4 g6 19. gxf5 gxf5 20. Rg1 Bb7 21. Bf3 Rg8 22. Qe2 b4 23. Bh5 Bc5 24. cxb4 Bxb4 25. Rac1 Bc5 26. Bf3 Qe7 27. b4 Bxb4 28. Nxe6 d4 29. Nxd4 Rxg1+ 30. Rxg1 Rf8 31. Qg2 Qf7 32. Nxf5 Nf2+ 33. Qxf2 Bxf3+ 34. Qxf3 Qxf5 35. Qb7+ Qf7 36. Qxb4 Qd5+ 37. Rg2 Rg8 38. Qd2 Qf3 39. Qf2 Qd1+ 40. Qg1 Qf3 41. Bd4 h5 42. Qf2 Qe4 43. Qc2 Qxc2 44. Rxc2 Rd8 45. Rc7+ Kg6 46. Be3 Rd3 47. Bf2 h4 48. Kg2 h3+ 49. Kf1 Kf5 50. Bg3 Ke4 51. e6 Kf3 52. Ke1 Re3+ 53. Kd2 Rxe6 54. Rc3+ Kg2 55. f5 Rf6 56. Rc5 Rf8 57. Ke3 Rg8 58. Rc2+ Kg1 59. f6 Rf8 60. Be5 Re8 61. Kf3 Rxe5 62. Rc4 Kxh2 63. f7 Re1 64. Rf4 Rf1+ 65. Ke4 Re1+ 66. Kf5 Kg1 67. f8=Q h2 68. Rg4+ Kh1 69. Qa8+ Re4 70. Qxe4# 1-0


[Site "https://www.chess.com"]

[Event "Titled Tuesday Blitz May 23 Late 2023"]
[White "Melikyan, Gnel"]
[Black "Sethuraman, S.P."]
[WhiteFideId "54109990"]
[BlackFideId "5021596"]
[WhiteElo "2138"]
[BlackElo "2543"]
[Result "0-1"]
[Round "07"]
[TimeControl "180+2"]
[Date "2023.05.23"]
[WhiteClock "0:00:07"]
[BlackClock "0:01:21"]

1. e4 a6 2. d4 d6 3. Nc3 g6 4. g3 Bg7 5. Bg2 Nc6 6. Nge2 Nf6 7. O-O O-O 8. Re1 e5 9. dxe5 Nxe5 10. h3 Re8 11. Nf4 b5 12. Nfd5 Bb7 13. Bg5 Ned7 14. Nxf6+ Bxf6 15. Bxf6 Qxf6 16. e5 Rxe5 17. Bxb7 Rae8 18. Rxe5 Nxe5 19. Bg2 h5 20. Nd5 Qd8 21. b3 c6 22. Ne3 Qf6 23. c4 h4 24. gxh4 bxc4 25. Nxc4 Nd3 26. Qf1 d5 27. Ne3 Nf4 28. Re1 Qc3 29. Rc1 Qxc1 30. Qxc1 Ne2+ 31. Kf1 Nxc1 32. Nc2 Nxa2 33. Bf3 a5 34. h5 Nb4 35. Nd4 c5 36. Nb5 gxh5 37. Bxh5 d4 38. Nd6 Re7 39. Bf3 d3 40. Ne4 f5 41. Nxc5 d2 42. Be2 Nd5 43. Na4 Nf4 44. Bc4+ Kg7 45. Nc3 Re1# 0-1


[Site "https://www.chess.com"]

[Event "Titled Tuesday Blitz May 23 Late 2023"]
[White "Manukyan, Sargis A."]
[Black "Schmakel, Sam"]
[WhiteFideId "13303970"]
[BlackFideId "2039311"]
[WhiteElo "2187"]
[BlackElo "2356"]
[Result "0-1"]
[Round "07"]
[TimeControl "180+2"]
[Date "2023.05.23"]
[WhiteClock "0:00:03"]
[BlackClock "0:00:33"]

1. d4 d5 2. c4 e6 3. Nc3 Nf6 4. Nf3 dxc4 5. Bg5 Bb4 6. e3 h6 7. Bxf6 Qxf6 8. Bxc4 c5 9. O-O cxd4 10. Qa4+ Nc6 11. Nxd4 Bxc3 12. Nxc6 Bd7 13. bxc3 Bxc6 14. Bb5 O-O 15. Bxc6 bxc6 16. Qxc6 Rfc8 17. Qa4 Qxc3 18. g3 a5 19. Rab1 Rab8 20. Kg2 h5 21. h4 g6 22. Rfd1 Rxb1 23. Rxb1 Qc2 24. Rb3 Qd2 25. Qd4 Qxa2 26. Rb7 Qc4 27. Qa7 Qe4+ 28. Kh2 Rc1 29. Qb8+ Kg7 30. Rxf7+ Kxf7 31. Qa7+ Kg8 32. Qb8+ Kh7 33. Qa7+ Kh6 34. f3 Qc2+ 35. Kh3 Rh1# 0-1


[Site "https://www.chess.com"]

[Event "Titled Tuesday Blitz May 23 Late 2023"]
[White "Korchmar, Vasiliy"]
[Black "Kuznetsov, Felix"]
[WhiteFideId "24131750"]
[BlackFideId "34147990"]
[WhiteElo "2370"]
[BlackElo "2281"]
[Result "1-0"]
[Round "07"]
[TimeControl "180+2"]
[Date "2023.05.23"]
[WhiteClock "0:00:09"]
[BlackClock "0:00:00"]

1. e4 c5 2. Nf3 Nc6 3. d4 cxd4 4. Nxd4 Nf6 5. Nc3 d6 6. Be2 e5 7. Nf3 h6 8. O-O Be7 9. h3 O-O 10. Re1 Be6 11. Bf1 Qa5 12. Bd2 Qd8 13. Bc1 Qa5 14. Bd2 Qd8 15. b3 d5 16. exd5 Nxd5 17. Nxd5 Bxd5 18. Nxe5 Nxe5 19. Rxe5 Bf6 20. Ba5 Qxa5 21. Rxd5 Qa3 22. Rb1 Qxa2 23. Bd3 Bc3 24. Rc5 Rac8 25. Rc4 Rxc4 26. bxc4 Re8 27. Rxb7 Qa6 28. Qf3 Bf6 29. Qd5 Qa1+ 30. Kh2 Qe5+ 31. g3 Qxd5 32. cxd5 a5 33. c4 Ra8 34. c5 a4 35. Bc4 a3 36. Ba2 Ra5 37. c6 Rc5 38. c7 Kh7 39. d6 Be5 40. Rb8 1-0


[Site "https://www.chess.com"]

[Event "Titled Tuesday Blitz May 23 Late 2023"]
[White "Adla, Diego"]
[Black "Yanchenko, Roman"]
[WhiteFideId "100072"]
[BlackFideId "4137329"]
[WhiteElo "2377"]
[BlackElo "2491"]
[Result "1-0"]
[Round "07"]
[TimeControl "180+2"]
[Date "2023.05.23"]
[WhiteClock "0:00:21"]
[BlackClock "0:00:00"]

1. c4 e6 2. g3 d5 3. Bg2 Nf6 4. Nf3 Be7 5. O-O O-O 6. d4 Nbd7 7. Qc2 c6 8. Rd1 Ne4 9. Nc3 f5 10. Ne1 Qe8 11. f3 Nxc3 12. Qxc3 Nf6 13. Nd3 Bd6 14. c5 Bb8 15. Bf4 h6 16. Bxb8 Rxb8 17. b4 g5 18. a4 Qe7 19. b5 Bd7 20. Rdb1 Be8 21. Rb2 f4 22. Rab1 fxg3 23. hxg3 Qc7 24. Kh2 Bg6 25. bxc6 Nh5 26. Ne5 Bxb1 27. Rxb1 bxc6 28. Rxb8 Rxb8 29. Bh3 Ng7 30. Qc2 Qc8 31. Qg6 Rb2 32. Qxh6 Rxe2+ 33. Kg1 Rxe5 34. dxe5 Qd7 35. Bf1 d4 36. Bd3 Qd5 37. Bh7+ Kf7 38. Qf6+ Ke8 39. Bg6+ Kd7 40. Qxg7+ Kc8 41. Qf8+ Kb7 42. Qe7+ Ka6 43. Bd3+ Ka5 44. Qxa7+ Kb4 45. Qb6+ Kc3 46. Be4 Qxe5 47. Kg2 g4 48. Qb1 gxf3+ 49. Kxf3 Qh5+ 50. g4 Qh3+ 51. Kf4 1-0


[Site "https://www.chess.com"]

[Event "Titled Tuesday Blitz May 23 Late 2023"]
[White "Gubajdullin, Alexei"]
[Black "Jaracz, Pawel"]
[WhiteFideId "4141202"]
[BlackFideId "1102222"]
[WhiteElo "2279"]
[BlackElo "2438"]
[Result "0-1"]
[Round "07"]
[TimeControl "180+2"]
[Date "2023.05.23"]
[WhiteClock "0:00:06"]
[BlackClock "0:00:32"]

1. d4 Nf6 2. Nf3 g6 3. Bf4 Bg7 4. e3 d6 5. Be2 O-O 6. O-O c5 7. c3 cxd4 8. exd4 Be6 9. h3 Qb6 10. Qc2 Nc6 11. Nbd2 Rac8 12. Rfc1 Nd5 13. Nc4 Qd8 14. Bg5 b5 15. Ne3 h6 16. Nxd5 hxg5 17. Qe4 Bf5 18. Qe3 e6 19. Nb4 Nxb4 20. cxb4 Rxc1+ 21. Rxc1 g4 22. hxg4 Bxg4 23. Rc6 Qd7 24. Bxb5 Qb7 25. a4 Bxf3 26. Qxf3 d5 27. Qf4 Qe7 28. Rc5 g5 29. Qd2 Bf6 30. Be2 Qd6 31. b5 Kg7 32. b4 Be7 33. a5 Rh8 34. g3 Qd8 35. Kg2 Bxc5 36. bxc5 Qf6 37. b6 Qh6 38. Bf3 Qh1# 0-1


[Site "https://www.chess.com"]

[Event "Titled Tuesday Blitz May 23 Late 2023"]
[White "Arabidze, Meri"]
[Black "Szpar, Milosz"]
[WhiteFideId "13604040"]
[BlackFideId "1184989"]
[WhiteElo "2405"]
[BlackElo "2434"]
[Result "1-0"]
[Round "07"]
[TimeControl "180+2"]
[Date "2023.05.23"]
[WhiteClock "0:00:17"]
[BlackClock "0:00:00"]

1. d4 Nf6 2. c4 c5 3. d5 e6 4. Nc3 exd5 5. cxd5 d6 6. e4 g6 7. Nge2 a6 8. a4 Bg7 9. Ng3 h5 10. Be2 h4 11. Nf1 Qe7 12. f3 Nh5 13. Be3 f5 14. Nd2 Bd4 15. Nc4 Bxe3 16. Nxe3 Nf4 17. Qd2 Nd7 18. a5 Ne5 19. O-O-O Qg5 20. g3 hxg3 21. hxg3 Rxh1 22. Rxh1 Qxg3 23. Rh8+ Kf7 24. exf5 gxf5 25. Kb1 Kg7 26. Rd8 Qg5 27. Rxd6 Qe7 28. Rb6 Bd7 29. d6 Qh4 30. Rxb7 Rf8 31. Bxa6 Rf7 32. Bc4 Qh1+ 33. Ka2 Qxf3 34. a6 Nxc4 35. Nxc4 Be6 36. Rxf7+ Bxf7 37. b3 Nd3 38. d7 Nb4+ 39. Kb2 Nd3+ 40. Ka3 Qa8 41. Qxd3 Qxa6+ 42. Kb2 1-0


[Site "https://www.chess.com"]

[Event "Titled Tuesday Blitz May 23 Late 2023"]
[White "Filgueira, Hernan"]
[Black "Matinian, Nikita"]
[WhiteFideId "101770"]
[BlackFideId "24129100"]
[WhiteElo "2363"]
[BlackElo "2422"]
[Result "0-1"]
[Round "07"]
[TimeControl "180+2"]
[Date "2023.05.23"]
[WhiteClock "0:00:15"]
[BlackClock "0:01:01"]

1. c4 d6 2. g3 g6 3. Bg2 Bg7 4. Nc3 e5 5. d3 Nc6 6. e4 h5 7. h4 f5 8. Nge2 Nf6 9. Bg5 Be6 10. Nd5 O-O 11. Qd2 Qd7 12. f3 Rae8 13. O-O Nh7 14. Bh6 Nd8 15. exf5 gxf5 16. Bxg7 Qxg7 17. Kh2 c6 18. Ndc3 Kh8 19. b3 Rg8 20. Bh3 f4 21. Rg1 Bxh3 22. Kxh3 Qd7+ 23. Kh2 Qe7 24. Rh1 fxg3+ 25. Kg2 Ne6 26. Rae1 Ref8 27. d4 Qf6 28. Rhf1 Qxh4 29. Rh1 Qf6 30. Ref1 exd4 31. Ne4 Qg6 32. Rh4 d5 33. cxd5 cxd5 34. N4xg3 d3 35. Qb2+ Rg7 0-1


[Site "https://www.chess.com"]

[Event "Titled Tuesday Blitz May 23 Late 2023"]
[White "Eugene, Floryan"]
[Black "Hamitevici, Vladimir"]
[WhiteFideId "20694784"]
[BlackFideId "13902393"]
[WhiteElo "2369"]
[BlackElo "2401"]
[Result "0-1"]
[Round "07"]
[TimeControl "180+2"]
[Date "2023.05.23"]
[WhiteClock "0:00:00"]
[BlackClock "0:00:04"]

1. d4 Nf6 2. c4 b6 3. Nc3 Bb7 4. Nf3 g6 5. d5 Bg7 6. e4 d6 7. Be2 O-O 8. O-O Nbd7 9. Ne1 Nc5 10. Qc2 e5 11. b4 Ncd7 12. Be3 c6 13. Nd3 Rc8 14. Qb3 Qc7 15. Rac1 Qb8 16. f3 c5 17. a3 Nh5 18. Rb1 f5 19. exf5 gxf5 20. g4 Nf4 21. Bxf4 exf4 22. Nxf4 fxg4 23. Ne6 Bd4+ 24. Kh1 gxf3 25. Bxf3 Ne5 26. Ne4 Kh8 27. Nxf8 Rxf8 28. Bg2 Rg8 29. Qh3 Bc8 30. Qh6 Ng4 31. Qh4 Ne3 32. Rf7 Rg7 33. Rxg7 Bxg7 34. Ng5 Bf5 35. Re1 Bd4 36. Nf7+ Kg7 37. Nh6 Bg6 38. Ng4 Nf5 39. Qg5 Qf8 40. Qf4 h5 0-1


[Site "https://www.chess.com"]

[Event "Titled Tuesday Blitz May 23 Late 2023"]
[White "Potapova, Margarita"]
[Black "Gritsenko, Nikolai"]
[WhiteFideId "14126869"]
[BlackFideId "14112493"]
[WhiteElo "2244"]
[BlackElo "2389"]
[Result "0-1"]
[Round "07"]
[TimeControl "180+2"]
[Date "2023.05.23"]
[WhiteClock "0:00:06"]
[BlackClock "0:00:08"]

1. d4 d5 2. c4 Nc6 3. cxd5 Qxd5 4. e3 e5 5. Nc3 Bb4 6. Bd2 Bxc3 7. Bxc3 exd4 8. Ne2 Nf6 9. Nxd4 O-O 10. Rc1 Nxd4 11. Bxd4 c6 12. Bxf6 Qxd1+ 13. Rxd1 gxf6 14. Bc4 Be6 15. b3 Rfd8 16. Ke2 Kf8 17. Bd3 h6 18. Kf3 Ke7 19. Be4 a5 20. Rxd8 Rxd8 21. Ke2 Ra8 22. a3 Bxb3 23. Rb1 a4 24. Kf3 Rd8 25. Rb2 Rd7 26. Kg4 c5 27. Kh5 c4 28. Re2 c3 29. Kxh6 Rd2 30. Re1 b5 31. h4 Rxf2 32. h5 f5 33. Bf3 Kf6 34. e4 fxe4 35. Rxe4 c2 36. Rf4+ Ke5 37. Re4+ Kd6 38. Re1 Rd2 39. Rc1 Rd1 40. Rxc2 Bxc2 41. Kg7 Rf1 42. h6 Rxf3 43. gxf3 b4 44. axb4 a3 45. b5 a2 46. b6 a1=Q+ 47. Kg8 Qf6 48. Kf8 Qxh6+ 49. Ke8 Ba4+ 50. Kd8 Qf8# 0-1


[Site "https://www.chess.com"]

[Event "Titled Tuesday Blitz May 23 Late 2023"]
[White "benny_aizenberg"]
[Black "Safin, Robert"]
[BlackFideId "34189120"]
[WhiteElo "2700"]
[BlackElo "2295"]
[Result "1-0"]
[Round "07"]
[TimeControl "180+2"]
[Date "2023.05.23"]
[WhiteClock "0:00:48"]
[BlackClock "0:00:00"]

1. f4 c6 2. e4 d5 3. e5 h5 4. d4 Nh6 5. Qxh5 g6 6. Qd1 Bg4 7. Be2 Bxe2 8. Qxe2 e6 9. Nf3 Nf5 10. Be3 Ng3 11. hxg3 Rxh1+ 12. Kf2 Qb6 13. c4 dxc4 14. Ng1 c5 15. d5 exd5 16. Na3 d4 17. Bc1 Nd7 18. Nxc4 Qe6 19. Bd2 O-O-O 20. Rc1 Kb8 21. Qf3 Be7 22. Na5 Qa6 23. Rc4 Nb6 24. Rc2 d3 25. Rc1 c4 26. b4 cxb3 27. axb3 Nd5 28. Nc4 Bb4 29. Qxd3 Bc5+ 30. Kf3 Rxg1 31. Rxg1 Bxg1 32. Bb4 Qc6 33. Bd6+ 1-0


[Site "https://www.chess.com"]

[Event "Titled Tuesday Blitz May 23 Late 2023"]
[White "Bartel, Michal"]
[Black "Goltsev, Dmitry"]
[WhiteFideId "1119257"]
[BlackFideId "24176710"]
[WhiteElo "2282"]
[BlackElo "2356"]
[Result "0-1"]
[Round "07"]
[TimeControl "180+2"]
[Date "2023.05.23"]
[WhiteClock "0:01:01"]
[BlackClock "0:00:38"]

1. e4 e6 2. d4 d5 3. Nc3 c5 4. exd5 exd5 5. Bb5+ Nc6 6. Nf3 Nf6 7. O-O Be7 8. dxc5 Bxc5 9. Re1+ Be6 10. Bg5 O-O 11. Bxf6 Qxf6 12. Nxd5 Qxb2 13. Bc4 Rad8 14. Rb1 Qa3 15. Bb3 Bxf2+ 16. Kxf2 Qc5+ 17. Kf1 Bxd5 18. Bxd5 Rxd5 19. Qe2 b6 20. Qf2 Qc4+ 21. Kg1 Qxa2 22. Ra1 Qc4 23. h3 h6 24. Qg3 Qxc2 25. Rac1 Qa4 26. Ra1 Qb4 27. Qc7 Qd6 28. Qb7 Qd7 29. Qa6 Re8 30. Rf1 Ra5 31. Qc4 Rxa1 32. Rxa1 Ne5 33. Nxe5 Rxe5 34. Rf1 Qe6 35. Qc3 a5 36. Rd1 Kh7 37. Qd3+ Qf5 38. Qg3 a4 39. Rf1 Qe4 40. Rxf7 Qe3+ 41. Qxe3 Rxe3 42. Ra7 b5 43. Kf2 Rb3 44. g3 a3 45. h4 Rb2+ 46. Kf3 a2 47. Kg4 b4 48. Kh5 b3 49. g4 a1=Q 50. Rxa1 g6# 0-1


[Site "https://www.chess.com"]